| TOP OF THE 1ST |
|
Miami Whales batting - Pitching for Winter Haven Sun Sox : RHP Linvel Mosby
|
|
Pitching: RHP Linvel Mosby
|
|
|
Batting: SHB Ramon Alcantara
|
0-0: Ball 1-0: Ball 2-0: Called Strike 2-1: Called Strike 2-2: Ball 3-2: Strikes out looking
|
|
Batting: SHB Nelson Norman
|
0-0: Ball 1-0: Ground out 4-3 (Groundball, 4, EV 109.4 MPH)
|
|
Batting: LHB Lee Pruitt
|
0-0: Foul Ball, location: 2F 0-1: Ball 1-1: Ball 2-1: Foul Ball, location: 2F 2-2: SINGLE (Flyball, 56D, EV 95.0 MPH)
|
|
Batting: RHB Donald Morris
|
0-0: Ball 1-0: Foul Ball, location: 2F 1-1: Ball 2-1: Ball 3-1: Foul Ball, location: 2F 3-2: Fly out, F4 (Popup, 4, EV 56.9 MPH)
|
| Top of the 1st over - 0 runs, 1 hit, 0 errors, 1 left on base; Miami 0 - Winter Haven 0 |
| BOTTOM OF THE 1ST |
|
Winter Haven Sun Sox batting - Pitching for Miami Whales : RHP Dave Beard
|
|
Pitching: RHP Dave Beard
|
|
|
Batting: RHB Stephen Rhodes
|
0-0: Ball 1-0: Ball 2-0: Foul Ball, location: 2F 2-1: Called Strike 2-2: Ball 3-2: Fly out, F7 (Flyball, 7D, EV 105.6 MPH)
|
|
Batting: RHB William Murray
|
0-0: Ball 1-0: Ball 2-0: Foul Ball, location: 2F 2-1: Ball 3-1: Swinging Strike 3-2: Strikes out swinging
|
|
Batting: RHB Ronald Carapezzi
|
0-0: Ball 1-0: Called Strike 1-1: Swinging Strike 1-2: Strikes out swinging
|
| Bottom of the 1st over - 0 runs, 0 hits, 0 errors, 0 left on base; Miami 0 - Winter Haven 0 |
| TOP OF THE 2ND |
|
Miami Whales batting - Pitching for Winter Haven Sun Sox : RHP Linvel Mosby
|
|
Batting: RHB Tom Grant
|
0-0: Ball 1-0: Ball 2-0: Called Strike 2-1: Fly out, F9 (Line Drive, 9D, EV 91.3 MPH)
|
|
Batting: LHB Brad Garnett
|
0-0: Swinging Strike 0-1: Ball 1-1: Ball 2-1: Ball 3-1: SINGLE (Line Drive, 89S, EV 110.0 MPH)
|
|
Batting: RHB Edwin Agudelo
|
0-0: Ball 1-0: Ball 2-0: Called Strike 2-1: Foul Ball, location: 2F 2-2: Hit by Pitch Brad Garnett to second
|
|
Batting: SHB Philip Rossi
|
0-0: Swinging Strike 0-1: SINGLE (Line Drive, 34D, EV 105.0 MPH) Brad Garnett to third Edwin Agudelo to second Runner from 3rd tries for Home, SAFE, no throw by RF
|
|
Batting: RHB Jonathan Cordova
|
0-0: Ball Wild Pitch! Edwin Agudelo to third Philip Rossi to second 1-0: Ball 2-0: Ball 3-0: Base on Balls
|
|
Batting: SHB Ramon Alcantara
|
0-0: Ball 1-0: Grounds out, U3 (Groundball, 3L, EV 80.6 MPH) Edwin Agudelo scores Philip Rossi to third
|
|
Batting: SHB Nelson Norman
|
0-0: Called Strike 0-1: Called Strike 0-2: Fly out, F8 (Flyball, 89D, EV 88.1 MPH)
|
| Top of the 2nd over - 2 runs, 2 hits, 0 errors, 2 left on base; Miami 2 - Winter Haven 0 |
| BOTTOM OF THE 2ND |
|
Winter Haven Sun Sox batting - Pitching for Miami Whales : RHP Dave Beard
|
|
Batting: RHB Dave Hoeksema
|
0-0: Foul Ball, location: 2F 0-1: Fly out, F7 (Line Drive, 7, EV 87.5 MPH)
|
|
Batting: RHB Takashi Upshur
|
0-0: Called Strike 0-1: Ball 1-1: Foul Ball, location: 2F 1-2: Ball 2-2: Ground out 5-3 (Groundball, 56S, EV 91.3 MPH)
|
|
Batting: RHB Glen Stacheit
|
0-0: Called Strike 0-1: Ball 1-1: Foul Ball, location: 2F 1-2: Ball 2-2: Strikes out swinging, 2-3 out at first.
|
| Bottom of the 2nd over - 0 runs, 0 hits, 0 errors, 0 left on base; Miami 2 - Winter Haven 0 |
| TOP OF THE 3RD |
|
Miami Whales batting - Pitching for Winter Haven Sun Sox : RHP Linvel Mosby
|
|
Batting: LHB Lee Pruitt
|
0-0: Foul Ball, location: 2F 0-1: Ball 1-1: Foul Ball, location: 2F 1-2: Foul Ball, location: 2F 1-2: Foul Ball, location: 2F 1-2: Ground out 6-3 (Groundball, 6, EV 84.4 MPH)
|
|
Batting: RHB Donald Morris
|
0-0: Ball 1-0: Called Strike 1-1: Ball 2-1: Foul Ball, location: 2F 2-2: Foul Ball, location: 2F 2-2: Ground out 4-3 (Groundball, 4, EV 87.5 MPH)
|
|
Batting: RHB Tom Grant
|
0-0: Ball 1-0: Ball 2-0: Ball 3-0: Called Strike 3-1: Base on Balls
|
|
Batting: LHB Brad Garnett
|
0-0: Ball 1-0: Called Strike 1-1: Ground out 4-3 (Groundball, 4, EV 102.5 MPH)
|
| Top of the 3rd over - 0 runs, 0 hits, 0 errors, 1 left on base; Miami 2 - Winter Haven 0 |
| BOTTOM OF THE 3RD |
|
Winter Haven Sun Sox batting - Pitching for Miami Whales : RHP Dave Beard
|
|
Batting: LHB John Heller
|
0-0: Ball 1-0: Swinging Strike 1-1: Fly out, F6 (Line Drive, 6, EV 73.8 MPH)
|
|
Batting: RHB Michael McEvilly
|
0-0: Ball 1-0: Swinging Strike 1-1: Ball 2-1: Ball 3-1: Called Strike 3-2: Fly out, F7 (Line Drive, 7D, EV 98.8 MPH)
|
|
Batting: RHB Tony Flores
|
0-0: Ground out 5-3 (Groundball, 56S, EV 80.0 MPH)
|
| Bottom of the 3rd over - 0 runs, 0 hits, 0 errors, 0 left on base; Miami 2 - Winter Haven 0 |
| TOP OF THE 4TH |
|
Miami Whales batting - Pitching for Winter Haven Sun Sox : RHP Linvel Mosby
|
|
Batting: RHB Edwin Agudelo
|
0-0: Ball 1-0: Called Strike 1-1: Foul Ball, location: 2F 1-2: Ball 2-2: Strikes out swinging
|
|
Batting: SHB Philip Rossi
|
0-0: Ball 1-0: Ground out 1-3 (Groundball, 34S, EV 73.1 MPH)
|
|
Batting: RHB Jonathan Cordova
|
0-0: Swinging Strike 0-1: Ball 1-1: Ball 2-1: Reached on error, E6 (Groundball, 6, EV 100.0 MPH)
|
|
Batting: SHB Ramon Alcantara
|
0-0: Ball 1-0: Called Strike 1-1: Swinging Strike 1-2: Foul Ball, location: 2F 1-2: Strikes out swinging
|
| Top of the 4th over - 0 runs, 0 hits, 1 error, 1 left on base; Miami 2 - Winter Haven 0 |
| BOTTOM OF THE 4TH |
|
Winter Haven Sun Sox batting - Pitching for Miami Whales : RHP Dave Beard
|
|
Batting: RHB Stephen Rhodes
|
0-0: Ground out 5-3 (Groundball, 5L, EV 100.6 MPH)
|
|
Batting: RHB William Murray
|
0-0: Ball 1-0: Ball 2-0: Foul Ball, location: 2F 2-1: Ball 3-1: Called Strike 3-2: Base on Balls
|
|
Batting: RHB Ronald Carapezzi
|
0-0: Called Strike 0-1: Ball 1-1: Ball 2-1: Ball 3-1: Base on Balls William Murray to second
|
|
Batting: RHB Dave Hoeksema
|
0-0: SINGLE (Line Drive, 6D, EV 99.4 MPH) William Murray to third Ronald Carapezzi to second
|
|
Batting: RHB Takashi Upshur
|
0-0: Called Strike 0-1: Swinging Strike 0-2: Ball 1-2: Foul Ball, location: 2F 1-2: Foul Ball, location: 2F 1-2: Strikes out swinging
|
|
Batting: RHB Glen Stacheit
|
0-0: Called Strike 0-1: Swinging Strike 0-2: Foul Ball, location: 2F 0-2: Foul Ball, location: 2F 0-2: SINGLE (Groundball, 56D, EV 94.4 MPH) William Murray scores Ronald Carapezzi to third Dave Hoeksema to second Runner from 3rd tries for Home, SAFE, throw by LF to home
|
|
Batting: LHB John Heller
|
0-0: Ball 1-0: Fielders Choice at 2nd, U6 (Groundball, 6M, EV 91.9 MPH)
|
| Bottom of the 4th over - 2 runs, 2 hits, 0 errors, 2 left on base; Miami 2 - Winter Haven 2 |
| TOP OF THE 5TH |
|
Miami Whales batting - Pitching for Winter Haven Sun Sox : RHP Linvel Mosby
|
|
Batting: SHB Nelson Norman
|
0-0: Ball 1-0: Ball 2-0: Foul Ball, location: 2F 2-1: Fly out, F7 (Flyball, 7D, EV 106.3 MPH)
|
|
Batting: LHB Lee Pruitt
|
0-0: Swinging Strike 0-1: Called Strike 0-2: Ground out U3 (Groundball, 3, EV 103.1 MPH)
|
|
Batting: RHB Donald Morris
|
0-0: Called Strike 0-1: Fly out, F8 (Flyball, 8RXD, EV 83.1 MPH)
|
| Top of the 5th over - 0 runs, 0 hits, 0 errors, 0 left on base; Miami 2 - Winter Haven 2 |
| BOTTOM OF THE 5TH |
|
Winter Haven Sun Sox batting - Pitching for Miami Whales : RHP Dave Beard
|
|
Batting: RHB Michael McEvilly
|
0-0: Ball 1-0: Ball 2-0: Foul Ball, location: 2F 2-1: Foul Ball, location: 2F 2-2: Ball 3-2: Foul Ball, location: 2F 3-2: SINGLE (Groundball, 25, EV 71.3 MPH) (infield hit)
|
|
Batting: RHB Tony Flores
|
0-0: Sac Bunt to 23 - play at first, batter OUT! 3-4 Michael McEvilly to second
|
|
Batting: RHB Stephen Rhodes
|
0-0: Ball 1-0: Foul Ball, location: 2F 1-1: Ball 2-1: Ball 3-1: Swinging Strike 3-2: Ground out 5-3 (Groundball, 5, EV 93.8 MPH)
|
|
Batting: RHB William Murray
|
0-0: Called Strike 0-1: Ball 1-1: Foul Ball, location: 2F 1-2: Foul Ball, location: 2F 1-2: Ball 2-2: Ball 3-2: Fly out, F5 (Popup, 5S, EV 76.3 MPH)
|
| Bottom of the 5th over - 0 runs, 1 hit, 0 errors, 1 left on base; Miami 2 - Winter Haven 2 |
| TOP OF THE 6TH |
|
Miami Whales batting - Pitching for Winter Haven Sun Sox : RHP Linvel Mosby
|
|
Batting: RHB Tom Grant
|
0-0: Ball 1-0: Foul Ball, location: 2F 1-1: Called Strike 1-2: Ball 2-2: Strikes out swinging
|
|
Batting: LHB Brad Garnett
|
0-0: Called Strike 0-1: SINGLE (Line Drive, 56, EV 107.5 MPH)
|
|
Batting: RHB Edwin Agudelo
|
0-0: Ball 1-0: SINGLE (Line Drive, 9LS, EV 90.0 MPH) Brad Garnett to second Runner from 2nd tries for 3rd, SAFE, throw by RF made to third
|
|
Batting: SHB Philip Rossi
|
0-0: Ball 1-0: Ball 2-0: Called Strike 2-1: Foul Ball, location: 2F 2-2: Fly out, F9 (Line Drive, 9, EV 100.6 MPH)
|
|
Batting: RHB Jonathan Cordova
|
0-0: Called Strike 0-1: Called Strike 0-2: Ball 1-2: Fielders Choice at 2nd, 5-4 (Groundball, 56, EV 100.0 MPH)
|
| Top of the 6th over - 0 runs, 2 hits, 0 errors, 2 left on base; Miami 2 - Winter Haven 2 |
| BOTTOM OF THE 6TH |
|
Winter Haven Sun Sox batting - Pitching for Miami Whales : RHP Dave Beard
|
|
Batting: RHB Ronald Carapezzi
|
0-0: Ball 1-0: Ball 2-0: Ball 3-0: Base on Balls
|
|
Batting: RHB Dave Hoeksema
|
0-0: Grounds into double play, 4-6-3 (Groundball, 4, EV 107.5 MPH)
|
|
Batting: RHB Takashi Upshur
|
0-0: Ball 1-0: Called Strike 1-1: Called Strike 1-2: Ball 2-2: Ball 3-2: Base on Balls
|
|
Batting: RHB Glen Stacheit
|
0-0: Ball Takashi Upshur steals 2nd base 1-0: Ball 2-0: Swinging Strike 2-1: Ball 3-1: Base on Balls
|
|
Batting: LHB John Heller
|
0-0: Ball 1-0: Ball 2-0: Called Strike 2-1: Ball 3-1: Ground out 3-1 (Groundball, 34, EV 83.1 MPH)
|
| Bottom of the 6th over - 0 runs, 0 hits, 0 errors, 2 left on base; Miami 2 - Winter Haven 2 |
| TOP OF THE 7TH |
|
Miami Whales batting - Pitching for Winter Haven Sun Sox : RHP Linvel Mosby
|
|
Batting: SHB Ramon Alcantara
|
0-0: Ball 1-0: Foul Ball, location: 2F 1-1: Ground out 1-3 (Groundball, 15S, EV 74.4 MPH)
|
|
Batting: SHB Nelson Norman
|
0-0: Foul Ball, location: 2F 0-1: Ball 1-1: Ball 2-1: Called Strike 2-2: SOLO HOME RUN (Flyball, 9D, EV 110.0 MPH), Distance : 392 ft
|
|
Batting: LHB Lee Pruitt
|
0-0: Ball 1-0: Ball 2-0: Ball 3-0: Base on Balls
|
|
Batting: RHB Donald Morris
|
0-0: Ball 1-0: Swinging Strike 1-1: Ball 2-1: Foul Ball, location: 2F 2-2: Fly out, F3 (Popup, 3SF, EV 77.5 MPH)
|
|
Batting: RHB Tom Grant
|
0-0: Ball 1-0: Swinging Strike 1-1: SINGLE (Line Drive, 78S, EV 88.8 MPH) Lee Pruitt to second
|
|
Batting: LHB Brad Garnett
|
0-0: Ball 1-0: Ground out U3 (Groundball, 34, EV 101.9 MPH)
|
| Top of the 7th over - 1 run, 2 hits, 0 errors, 2 left on base; Miami 3 - Winter Haven 2 |
| BOTTOM OF THE 7TH |
|
Winter Haven Sun Sox batting - Pitching for Miami Whales : RHP Dave Beard
|
|
Batting: RHB Michael McEvilly
|
0-0: Called Strike 0-1: Ball 1-1: Fly out, F8 (Line Drive, 8LM, EV 99.4 MPH)
|
|
Batting: RHB Tony Flores
|
0-0: Fly out, F9 (Flyball, 9, EV 75.0 MPH)
|
|
Batting: RHB Stephen Rhodes
|
0-0: Called Strike 0-1: Swinging Strike 0-2: Strikes out swinging
|
| Bottom of the 7th over - 0 runs, 0 hits, 0 errors, 0 left on base; Miami 3 - Winter Haven 2 |
| TOP OF THE 8TH |
|
Miami Whales batting - Pitching for Winter Haven Sun Sox : RHP Linvel Mosby
|
|
Batting: RHB Edwin Agudelo
|
0-0: Ball 1-0: Ball 2-0: Fly out, F7 (Line Drive, 7, EV 90.6 MPH)
|
|
Batting: SHB Philip Rossi
|
0-0: Fly out, F9 (Flyball, 89S, EV 89.4 MPH)
|
|
Batting: RHB Jonathan Cordova
|
0-0: Called Strike 0-1: Ball 1-1: Called Strike 1-2: Ball 2-2: Fly out, F8 (Flyball, 8LD, EV 85.0 MPH)
|
| Top of the 8th over - 0 runs, 0 hits, 0 errors, 0 left on base; Miami 3 - Winter Haven 2 |
| BOTTOM OF THE 8TH |
|
Winter Haven Sun Sox batting - Pitching for Miami Whales : RHP Dave Beard
|
|
Batting: RHB William Murray
|
0-0: Ball 1-0: Foul Ball, location: 2F 1-1: Fly out, F6 (Popup, 15, EV 86.3 MPH)
|
|
Batting: RHB Ronald Carapezzi
|
0-0: Called Strike 0-1: Ball 1-1: Swinging Strike 1-2: SINGLE (Line Drive, 9LM, EV 105.0 MPH)
|
|
Pinch Runner at 1st Don Carter:
|
|
|
Batting: RHB Dave Hoeksema
|
0-0: Called Strike 0-1: Ball 1-1: Swinging Strike 1-2: Fly out, F8 (Flyball, 8LXD, EV 90.0 MPH)
|
|
Batting: RHB Takashi Upshur
|
0-0: Ball 1-0: Ball 2-0: Called Strike 2-1: Ball 3-1: Base on Balls Don Carter to second
|
|
Batting: RHB Glen Stacheit
|
0-0: Foul Ball, location: 2F 0-1: Ball 1-1: Foul Ball, location: 2F 1-2: Foul Ball, location: 2F 1-2: Foul Ball, location: 2F 1-2: Ball 2-2: Strikes out swinging
|
| Bottom of the 8th over - 0 runs, 1 hit, 0 errors, 2 left on base; Miami 3 - Winter Haven 2 |
| TOP OF THE 9TH |
|
Miami Whales batting - Pitching for Winter Haven Sun Sox : RHP Linvel Mosby
|
|
Pitching: LHP Thomas Fiesthumel
|
|
|
Now at 1B: Mark Campbell
|
|
|
Batting: SHB Ramon Alcantara
|
0-0: Foul Ball, location: 2F 0-1: Swinging Strike 0-2: Ball 1-2: Ground out U3 (Groundball, 3L, EV 101.9 MPH)
|
|
Batting: SHB Nelson Norman
|
0-0: Ball 1-0: Foul Ball, location: 2F 1-1: Foul Ball, location: 2F 1-2: Ground out 4-3 (Groundball, 4M, EV 89.4 MPH)
|
|
Batting: LHB Lee Pruitt
|
0-0: Foul Ball, location: 2F 0-1: Ball 1-1: Foul Ball, location: 2F 1-2: Ball 2-2: Strikes out swinging
|
| Top of the 9th over - 0 runs, 0 hits, 0 errors, 0 left on base; Miami 3 - Winter Haven 2 |
| BOTTOM OF THE 9TH |
|
Winter Haven Sun Sox batting - Pitching for Miami Whales : RHP Dave Beard
|
|
Pitching: RHP Tom McGough
|
|
|
Batting: LHB John Heller
|
0-0: Called Strike 0-1: SINGLE (Line Drive, 6D, EV 98.1 MPH)
|
|
Pinch Hitting: LHB John Edmonds
|
0-0: Called Strike 0-1: SINGLE (Groundball, 4D, EV 98.1 MPH) John Heller to second Runner from 2nd tries for 3rd, SAFE, throw by RF made to third
|
|
Batting: RHB Tony Flores
|
0-0: DOUBLE (Flyball, 78D, EV 98.1 MPH) John Heller scores John Edmonds to third
|
|
Batting: RHB Stephen Rhodes
|
0-0: Called Strike 0-1: Ball 1-1: Ball 2-1: Foul Ball, location: 2F 2-2: Ball 3-2: Ground out 4-3 (Groundball, 4M, EV 79.4 MPH)
|
|
Batting: RHB William Murray
|
0-0: Intentional Walk
|
|
Batting: RHB Mark Campbell
|
0-0: Ball 1-0: Ball 2-0: Called Strike 2-1: Ball 3-1: Called Strike 3-2: SINGLE (Line Drive, 78S, EV 93.8 MPH) John Edmonds scores
|
| Bottom of the 9th over - 2 runs, 4 hits, 0 errors, 0 left on base; Miami 3 - Winter Haven 4 |
|